 Dungeon Crawl Stone Soup version 0.25-b1-37-g2669288c55 (webtiles) character file.

Game seed: 10294684421657355198

140 Masnef the Chiller (level 5, -3/38 HPs)
             Began as a Draconian Ice Elementalist on June 6, 2020.
             Slain by Grinder (10 damage)
             ... on level 3 of the Dungeon.
             The game lasted 00:07:53 (2209 turns).

Masnef the Chiller (Draconian Ice Elementalist)     Turns: 2209, Time: 00:07:54

Health: -3/38      AC:  8    Str: 10    XL:     5   Next: 2%
Magic:  13/17      EV: 12    Int: 16    God:
Gold:   121        SH:  5    Dex: 12    Spells: 4/8 levels left

rFire    . . .     SeeInvis .     - Unarmed
rCold    . . .     Gourm    .   (no shield)
rNeg     . . .     Faith    .   (armour unavailable)
rPois    .         Spirit   .   (helmet restricted)
rElec    .         Reflect  +   n - +2 cloak
rCorr    .         Harm     .   (no gloves)
MR       .....                  (no boots)
Stlth    ++........             e - amulet of reflection
HPRegen  0.12/turn              k - ring of magical power
MPRegen  0.15/turn              (no ring)

@: no status effects
A: unfitting armour, cold-blooded, AC +5
a: no special abilities


You were on level 3 of the Dungeon.
You were not hungry.

You visited 1 branch of the dungeon, and saw 4 of its levels.

You collected 121 gold pieces.

Inventory:

Armour
 n - a +2 cloak (worn)
 o - a +2 tower shield
Jewellery
 e - an amulet of reflection (around neck)
 k - a ring of magical power (left hand)
Scrolls
 a - 3 scrolls of identify {unknown}
 c - 4 scrolls of teleportation {unknown}
 d - a scroll of blinking {unknown}
 g - 3 scrolls of remove curse {unknown}
 l - a scroll of enchant weapon {unknown}
 m - 2 scrolls of fog {unknown}
 q - a scroll of amnesia {unknown}
Potions
 f - a potion of haste {unknown}
 h - a potion of stabbing {unknown}
 i - a potion of brilliance {unknown}
 p - a potion of invisibility {unknown}
Comestibles
 b - 5 rations
 j - 7 chunks of flesh


   Skills:
 * Level 1.9 Dodging
 - Level 1.7 Stealth
 + Level 2.3 Unarmed Combat
 - Level 2.0 Spellcasting
 * Level 5.6 Ice Magic


You had 4 spell levels left.
You knew the following spells:

 Your Spells              Type           Power        Failure   Level  Hunger
a - Freeze                Ice            ###.         1%          1    #......
b - Frozen Ramparts       Ice            ###...       6%          3    ###....

Your spell library contained the following spells:

 Spells                   Type           Power        Failure   Level  Hunger
 Ozocubu's Armour         Chrm/Ice       ##......     19%         3    ###....
 Hailstorm                Conj/Ice       ##......     54%         4    #####..
 Summon Ice Beast         Ice/Summ       ##......     54%         4    #####..


Dungeon Overview and Level Annotations

Branches:
Dungeon (4/15)
 Temple: D:4-7

Altars:
Fedhas
Qazlal
Ru

Annotations:
D:3 Grinder


Innate Abilities, Weirdness & Mutations

Your plain brown scales are hard. (AC +5)
You cannot fit into any form of body armour.
You are cold-blooded and may be slowed by cold attacks.


Message History

Pain shoots through your body!
Grinder resists.
The wall freezes Grinder.
Grinder gestures at you.
You shrug off the repeated paralysis!
Grinder completely resists.
The wall freezes Grinder but do no damage.
Grinder hits you.
You writhe in agony.
Grinder completely resists.
The wall freezes Grinder but do no damage.
Grinder hits you.
You writhe in agony.
* * * LOW HITPOINT WARNING * * *
You can move again.
Casting: Freeze (safe; 1% risk of failure)
Confirm with . or Enter, or press ? or * to list all spells.
Aiming: Freeze (safe; 1% risk of failure)
Press: ? - help, Shift-Dir - straight line, f/p - Grinder
Aim: Grinder (lightly wounded, strong) Grinder completely resists.
You freeze Grinder but do no damage.
The frozen ramparts melt away.
Grinder hits you!
You die...

#.... ## #.# #..#.## #
#. ... # #......
#.#.##.##.# #......##
.#.#...#.# #......#.
...._... .....#... #.
...# # #.)....<.
#5##.##.# #...r##..
#.@†....# #........
#.####.####.#....#...
#...........#......o.
######.######......##
##......#. ......
##.........##...o#
######..........##.#..
#...............##.#.#
#...............# #.


You could see Grinder (strong).

Vanquished Creatures
  Crazy Yiuf (D:2)
  5 adders
  A worm (D:2)
  2 dart slugs (D:2)
  2 leopard geckos
  2 orcs (D:2)
  8 bats
  A giant cockroach (D:1)
  6 goblins
  4 hobgoblins
  4 jackals (D:2)
  4 ball pythons
  4 frilled lizards
  7 kobolds
  7 rats
58 creatures vanquished.

Notes
Turn   | Place    | Note
-------+----------+-------------------------------------------
     0 | D:1      | Masnef the Draconian Ice Elementalist began the quest for
                  | the Orb.
     0 | D:1      | Reached XP level 1. HP: 14/14 MP: 3/3
   307 | D:1      | Reached skill level 1 in Unarmed Combat
   356 | D:1      | Reached XP level 2. HP: 20/20 MP: 5/5
  1127 | D:2      | Reached XP level 3. HP: 26/26 MP: 6/6
  1153 | D:2      | Learned a level 3 spell: Frozen Ramparts
  1320 | D:2      | Found a blossoming altar of Fedhas.
  1576 | D:2      | Found a runed translucent door.
  1577 | D:2      | Noticed Crazy Yiuf
  1594 | D:2      | Killed Crazy Yiuf
  1594 | D:2      | Reached skill level 5 in Ice Magic
  1594 | D:2      | Reached XP level 4. HP: 33/33 MP: 7/7
  1847 | D:2      | You fall into a shaft and drop 2 floors!
  1854 | D:4      | Found a stormy altar of Qazlal.
  2154 | D:3      | Reached XP level 5. HP: 38/38 MP: 8/8
  2194 | D:3      | Found a sacrificial altar of Ru.
  2195 | D:3      | Noticed Grinder
  2195 | D:3      | Paralysed by Grinder for 2 turns
  2204 | D:3      | Paralysed by Grinder for 5 turns
  2209 | D:3      | Slain by Grinder

Illustrated notes

Levels and vault maps discovered:
D:1:      scummos_arrival_checkerplants, layout_loops_ring, st_stairs_7
D:2:      layout_rooms, fedhas_altar_1, minmay_statues_item,
          minmay_close_crescents, uniq_crazy_yiuf_cottage
D:3:      kennysheep_goblin_castle, layout_rooms, marbit_many_paths,
          nicolae_ru_sacrificial_ziggurat, uniq_sigmund, uniq_grinder
D:4:      kennysheep_six_static_rooms, layout_basic, lemuel_crystal_altar,
          nicolae_qazlal_eye_of_the_storm

Skill      XL: |  1  2  3 |
---------------+----------+-----
Unarmed Combat | 1 2 |  2.3
Ice Magic      | 5 |  5.6
Dodging        | |  1.9
Stealth        | |  1.7
Spellcasting   | |  2.0

Action                   |  1- 3 |  4- 6 || total
-------------------------+-------+-------++-------
Melee: Unarmed           |   109 |    13 ||   122
       Tailslap          |     4 |       ||     4
 Cast: Freeze            |    35 |    25 ||    60
       Frozen Ramparts   |     2 |     2 ||     4
 Stab: Sleeping          |     2 |       ||     2
  Eat: Chunk             |     3 |     3 ||     6
Armor: Skin              |    65 |     9 ||    74
Dodge: Dodged            |   145 |    17 ||   162
Block: Other             |    32 |    12 ||    44
